 Dungeon Crawl Stone Soup version 0.20.1-1-g8b1a95d (console) character file.

8929 Morg0th the Basher (level 11, 0/159 HPs)
             Began as a Deep Dwarf Fighter on July 12, 2017.
             Was an Elder of Okawaru.
             Slain by a killer bee (2 damage)
             ... on level 10 of the Dungeon on July 15, 2017.
             The game lasted 01:17:28 (11031 turns).

Morg0th the Basher (Deep Dwarf Fighter)            Turns: 11031, Time: 01:17:28

Health: 0/159      AC: 15    Str: 28    XL:     11   Next: 16%
Magic:  0/0        EV:  8    Int:  8    God:    Okawaru [****..]
Gold:   75         SH:  0    Dex: 15    Spells: 10/10 levels left

rFire    + . .     SeeInvis .   a - +1 flail
rCold    . . .     Gourm    .   (no shield)
rNeg     . . .     Faith    .   u - +0 chain mail
rPois    .         Spirit   .   (no helmet)
rElec    .         Reflect  .   (no cloak)
rCorr    .         Harm     .   M - +0 pair of gloves
MR       ++...                  z - +0 pair of boots
Stlth    ..........             g - amulet of rage
Regen    0.0/turn               v - ring of protection from fire
MPRegen  0.1/turn               F - ring of protection from magic

@: berserking (expiring), lethally poisoned (0 -> -24), non-regenerating,
drained, very quick
A: damage resistance, heal wounds, thin metallic scales 1, thin skeletal
structure 1, sense surroundings 2, no regeneration
a: Heal Wounds, Heroism, Renounce Religion, Evoke Berserk Rage


You were on level 10 of the Dungeon.
You worshipped Okawaru.
Okawaru was greatly pleased with you.
You were very hungry.

You visited 3 branches of the dungeon, and saw 13 of its levels.

You collected 591 gold pieces.
You spent 516 gold pieces at shops.

Inventory:

Hand Weapons
 a - a +1 flail (weapon)
 b - a +3 arbalest of flaming
 n - a +0 mace
Missiles
 m - 33 bolts
 C - 115 stones (quivered)
Armour
 c - a +1 shield
 u - a +0 chain mail (worn)
 z - a +0 pair of boots (worn)
 D - the +2 leather armour of Noughts and Crosses {MP+9 Str-5 Dex+3}
   (You found it on level 7 of the Dungeon)

   It affects your strength (-5).
   It affects your dexterity (+3).
   It affects your magic capacity (+9).
 M - a +0 pair of gloves (worn)
Jewellery
 g - an amulet of rage (around neck)
 q - an uncursed amulet of magic regeneration
 v - a ring of protection from fire (left hand)
 F - a ring of protection from magic (right hand)
Wands
 s - a wand of confusion (25/48)
 A - a wand of confusion (32/48)
 B - a wand of clouds (6/9)
 J - a wand of enslavement (10/24)
 K - a wand of flame (18/48)
Scrolls
 e - 8 scrolls of identify
 h - 2 scrolls of fear
 j - 2 scrolls of blinking
 l - 7 scrolls of enchant armour
 p - 3 scrolls of fog
 t - 3 scrolls of summoning
 y - 2 scrolls of teleportation
 E - a scroll of magic mapping
 G - a scroll of enchant weapon
 H - a scroll of remove curse
Potions
 d - 2 potions of might
 o - 4 potions of curing
Books
 r - a book of Conjurations

   Spells                             Type                      Level
   a - Magic Dart                     Conjuration                  1
   b - Searing Ray                    Conjuration                  2
   c - Dazzling Spray                 Conjuration/Hexes            3
   d - Fulminant Prism                Conjuration/Hexes            4
   e - Force Lance                    Conjuration/Translocation    4
   f - Iskenderun's Mystic Blast      Conjuration                  4
 w - a book of Geomancy

   Spells                             Type                      Level
   a - Sandblast                      Earth                        1
   b - Passwall                       Transmutation/Earth          2
   c - Stone Arrow                    Conjuration/Earth            3
   d - Petrify                        Transmutation/Earth          4
   e - Lee's Rapid Deconstruction     Earth                        5
 x - a book of the Dragon

   Spells                             Type                      Level
   a - Flame Tongue                   Conjuration/Fire             1
   b - Cause Fear                     Hexes                        4
   c - Bolt of Fire                   Conjuration/Fire             6
   d - Dragon Form                    Transmutation                7
   e - Dragon's Call                  Summoning                    9
Comestibles
 f - 2 bread rations
 i - 8 royal jellies
 k - a meat ration
 L - 2 chunks of flesh


   Skills:
 + Level 9.3(8.0) Fighting
 - Level 11.3(10.0) Maces & Flails
 + Level 0.2(0.0) Crossbows
 + Level 8.6(7.4) Armour
 - Level 7.0(5.8) Shields
 + Level 0.6(0.0) Invocations
 - Level 1.1(0.2) Evocations


You had 10 spell levels left.
You didn't know any spells.

Dungeon Overview and Level Annotations

Branches:
Dungeon (11/15)            Temple (1/1) D:7             Orc (1/2) D:10
   Lair: D:8-11

Altars:
Ashenzari
Cheibriados
Dithmenos
Elyvilon
Fedhas
Gozag
Hepliaklqana
Kikubaaqudgha
Makhleb
Nemelex Xobeh
Okawaru
Qazlal
Ru
Sif Muna
Trog
Uskayaw
Vehumet
Xom
Yredelemnul
Zin
The Shining One

Shops:
D:7 *


Innate Abilities, Weirdness & Mutations

You are resistant to damage.
You can heal yourself by infusing magical energy.
You passively map the area around you.
You do not regenerate.
You are partially covered in thin metallic scales. (AC +2)
You have a somewhat thin skeletal structure. (Dex +2, Stealth)


Message History

You closely miss the killer bee.
* * * LOW HITPOINT WARNING * * *
You feel sick.
The killer bee stings you but does no damage.
The killer bee stings you.
* * * LOW HITPOINT WARNING * * *
The killer bee stings you but does no damage.
You miss the killer bee.
* * * LOW HITPOINT WARNING * * *
You feel very sick. The killer bee barely misses you.
The killer bee closely misses you.
You bludgeon the killer bee!!
You kill the killer bee!
Okawaru accepts your kill.
* * * LOW HITPOINT WARNING * * *
You feel sick. The killer bee stings you.
* * * LOW HITPOINT WARNING * * *
You are more poisoned.
The killer bee poisons you! The killer bee stings you.
You die...

######### ###### #.......# #....# ######## *
#....... * * #....# #......# #..#
#########...... ** , , #....####### #......#
#..# #.............. , #..........###......#
#..#####............# * ,,,
#...................# #...................# *
, ,
####...........).......###...................#
, ,
#..........)....).................####†#.....#
, *
#......^...).#####.)..............#...@†.....#
...* #.........)).#
#.........)...(..#...y#.....# , ...** *
##..#####.....# #................#....#.....#
.... ,, ....# #.....#
#................#....#.....# ..... , ....#
#.....# #................######.....#####.....
* ....# #.....#
#...................................., ....#
#.....# #.#########......................###*
....#
#.....#####.#.......#...................$..# ,
....#
#...........#.(.....#.########.............#
....# #..#####....'[......#.# #.............#
, ....# #..#...#....#.......#.#
#.............# *
....#####..#...#....#.......#.#
#.............#
...........#...#....#########.#
#.............. *
...........#...#.>............#
#...##########..
...........#'###..............# #...# *.(. ,
....######....................# #...# , ,
....#....#....................# , * , ,,
....#....#........<...........# #..... * ,
....#....#....................# ###.#... *** *
, ....#....#........########...#####.....#####
, ....##'###........# #...#......8......# **
......)...........# #..#.............# * ,, ,
.##########.......# #..#.............#.# ,,
.#........#.......# #..................#,, ,,
* .#........#.......# #...8(....>.....8..#**
** * * .#........#.......#
#................... , ,,


You could see a killer bee.

Vanquished Creatures
  A two-headed ogre (D:10)
  A komodo dragon (D:10)
  A troll (D:11)
  A hornet (D:9)
  2 hippogriffs
  2 wraiths
  7 yaks
  A hungry ghost (D:9)
  A sky beast (D:10)
  An ice beast (D:5)
  4 orc warriors
  A black bear (D:3)
  An eye of draining (D:10)
  A phantom (D:10)
  8 ogres
  A crocodile (D:10)
  4 centaurs
  A big kobold (D:7)
  5 bullfrogs
  3 wyvern zombies
  A water moccasin skeleton (D:8)
  3 troll zombies (D:10)
  A howler monkey (D:7)
  13 killer bees
  13 wights
  5 crimson imps
  A bullfrog zombie (D:9)
  7 human zombies (D:7)
  2 quasits
  2 centaur skeletons
  5 hounds
  4 jellies
  4 orc priests
  5 orc wizards
  3 bullfrog skeletons
  A human skeleton (D:7)
  7 worker ants
  5 ogre zombies (D:10)
  2 mummies (D:7)
  A hound skeleton (D:8)
  A howler monkey zombie (D:7)
  3 worker ant zombies
  11 gnolls
  5 adders
  A shadow imp (D:6)
  2 adder zombies
  4 worms
  A dart slug (D:1)
  8 leopard geckos
  25 orcs
  6 giant cockroaches
  19 goblins
  5 hobgoblins
  4 jackals
  4 quokkas
  8 bats
  4 frilled lizards
  A goblin skeleton (D:10)
  A goblin zombie (D:10)
  A hobgoblin skeleton (D:10)
  4 hobgoblin zombies (D:10)
  11 kobolds
  An orc skeleton (D:10)
  17 orc zombies
  A quokka skeleton (D:6)
  11 rats
291 creatures vanquished.

Notes
Turn   | Place    | Note
-------+----------+-------------------------------------------
     0 | D:1      | Morg0th the Deep Dwarf Fighter began the quest for the Orb.
     0 | D:1      | Reached XP level 1. HP: 20/20 MP: 1/1
   104 | D:1      | Reached skill level 3 in Fighting
   109 | D:1      | Reached XP level 2. HP: 22/28 MP: 2/2
   528 | D:1      | Reached XP level 3. HP: 27/34 MP: 3/3
   931 | D:1      | Gained mutation: You have a somewhat thin skeletal structure. (Dex +2, Stealth) [potion of mutation]
   931 | D:1      | Gained mutation: You expend magic power (3 MP) to strengthen your wands. [potion of mutation]
   931 | D:1      | Lost mutation: You expend magic power (3 MP) to strengthen your wands. [potion of mutation]
   931 | D:1      | Gained mutation: You are partially covered in thin metallic scales. (AC +2) [potion of mutation]
   958 | D:2      | Reached skill level 3 in Maces & Flails
  1183 | D:2      | Found a hazy altar of Hepliaklqana.
  1204 | D:3      | Found a hide-covered altar of Uskayaw.
  1388 | D:2      | Reached XP level 4. HP: 16/43 MP: 4/4
  1501 | D:3      | Found a white marble altar of Elyvilon.
  1501 | D:3      | Noticed a black bear
  1727 | D:5      | Entered Level 5 of the Dungeon
  2061 | D:4      | Reached skill level 4 in Shields
  2061 | D:4      | Reached XP level 5. HP: 16/50 MP: 5/5
  2170 | D:3      | Found an ancient bone altar of Kikubaaqudgha.
  2424 | D:3      | Found a stormy altar of Qazlal.
  2497 | D:3      | Found a shimmering altar of Xom.
  2499 | D:3      | Found a shattered altar of Ashenzari.
  2504 | D:3      | Found a deep blue altar of Sif Muna.
  2686 | D:3      | Killed a black bear
  2686 | D:3      | Reached skill level 4 in Maces & Flails
  2794 | D:5      | Reached XP level 6. HP: 44/57 MP: 6/6
  2843 | D:4      | Reached skill level 5 in Shields
  2948 | D:4      | Reached skill level 4 in Fighting
  3504 | D:5      | Reached skill level 5 in Maces & Flails
  3607 | D:5      | You fall through a shaft for 3 floors!
  3720 | D:7      | Reached XP level 7. HP: 53/64 MP: 6/6
  3871 | D:6      | Reached skill level 1 in Evocations
  4449 | D:5      | Reached skill level 6 in Maces & Flails
  4449 | D:5      | Reached skill level 6 in Shields
  5108 | D:6      | Reached skill level 4 in Armour
  5158 | D:6      | Reached XP level 8. HP: 45/73 MP: 6/6
  5290 | D:6      | Reached skill level 7 in Maces & Flails
  5317 | D:6      | Reached skill level 7 in Shields
  5517 | D:7      | Noticed a hippogriff
  5536 | D:7      | Reached skill level 5 in Armour
  5545 | D:7      | Killed a hippogriff
  5545 | D:7      | Reached skill level 5 in Fighting
  5545 | D:7      | Reached skill level 8 in Maces & Flails
  5623 | D:7      | Got a slimy leather armour
  5634 | D:7      | Identified the +2 leather armour of Noughts and Crosses {MP+9 Str-5 Dex+3} (You found it on level 7 of the Dungeon)
  5649 | D:7      | Found Jempitt's General Store.
  5652 | D:7      | Bought a scroll of blinking for 112 gold pieces
  5797 | D:7      | Found a radiant altar of Vehumet.
  5879 | D:7      | Found a shadowy altar of Dithmenos.
  5900 | D:7      | Gained mutation: You passively map the area around you. [Deep Dwarf growth]
  5900 | D:7      | Reached XP level 9. HP: 46/81 MP: 7/7
  5941 | D:7      | Found a staircase to the Ecumenical Temple.
  6176 | D:7      | Reached skill level 9 in Maces & Flails
  6205 | Temple   | Entered the Ecumenical Temple
  6431 | Temple   | Became a worshipper of Warmaster Okawaru
  6681 | D:7      | Found a basalt altar of Yredelemnul.
  6931 | D:7      | Bought 19 stones for 28 gold pieces
  7257 | D:9      | Reached skill level 6 in Fighting
  7257 | D:9      | Reached skill level 10 in Maces & Flails
  7423 | D:8      | Reached * piety under Okawaru
  8083 | D:10     | Entered Level 10 of the Dungeon
  8128 | D:11     | Reached skill level 11 in Maces & Flails
  8128 | D:11     | Reached XP level 10. HP: 33/92 MP: 2/2
  8134 | D:11     | Reached ** piety under Okawaru
  8477 | D:9      | Reached skill level 7 in Fighting
  8590 | D:9      | Found a burning altar of Makhleb.
  8597 | D:9      | Found a sacrificial altar of Ru.
  8865 | D:9      | Reached skill level 6 in Armour
  9394 | D:11     | Reached *** piety under Okawaru
  9488 | D:10     | Reached skill level 8 in Fighting
  9684 | D:10     | Reached skill level 7 in Armour
 10083 | D:10     | Found a staircase to the Orcish Mines.
 10162 | Orc:1    | Entered Level 1 of the Orcish Mines
 10258 | D:10     | Noticed a two-headed ogre
 10414 | D:7      | Bought a +3 arbalest of flaming for 376 gold pieces
 10530 | D:10     | HP: 4/147 [two-headed ogre/giant spiked club (19)]
 10532 | D:10     | Killed a two-headed ogre
 10532 | D:10     | Reached skill level 8 in Armour
 10532 | D:10     | Reached XP level 11. HP: 4/104 MP: 2/2
 10688 | D:10     | Reached **** piety under Okawaru
 10688 | D:10     | Reached skill level 9 in Fighting
 11027 | D:10     | HP: 15/159 [killer bee (1)]
 11030 | D:10     | HP: 5/159 [poisoned by a killer bee]
 11031 | D:10     | HP: 2/159 [killer bee (1)]
 11031 | D:10     | Slain by a killer bee

Skill      XL: |  1  2  3  4  5  6  7  8  9 10 11 |
---------------+----------------------------------+-----
Fighting       | 3 4 5 6 8 9 |  9.3
Maces & Flails | 3 4 5 6 8 11 | 11.3
Shields        | 4 5 6 7 |  7.0
Evocations     | 1 |  1.1
Armour         | 4 5 8 |  8.6
Crossbows      | |  0.2
Invocations    | |  0.6

Action                   |  1- 3 |  4- 6 |  7- 9 | 10-12 || total
-------------------------+-------+-------+-------+-------++-------
Melee: Flail             |   130 |   121 |   580 |   541 ||  1372
       Mace              |    81 |   108 |       |       ||   189
 Fire: Arbalest          |       |       |       |     7 ||     7
Throw: Stone             |       |       |    11 |    14 ||    25
Invok: Heroism           |       |       |       |     2 ||     2
 Abil: Heal Wounds       |     1 |     7 |    14 |    19 ||    41
       Evoke Berserk Rag |       |     1 |     2 |     5 ||     8
Evoke: Wand              |       |       |     3 |     1 ||     4
  Use: Scroll            |     7 |     4 |     4 |       ||    15
       Potion            |     1 |     4 |     3 |     1 ||     9
 Stab: Confused          |       |       |     1 |       ||     1
  Eat: Chunk             |     1 |     9 |    13 |     8 ||    31
       Bread ration      |       |       |     1 |       ||     1
       Meat ration       |       |       |       |     2 ||     2
       Fruit             |       |       |       |     1 ||     1
Armor: Scale mail        |   122 |    41 |       |       ||   163
       Chain mail        |       |    46 |   205 |   282 ||   533
Dodge: Dodged            |    91 |    45 |    97 |   195 ||   428
Block: Shield            |   133 |   138 |   325 |   242 ||   838
